 Dungeon Crawl Stone Soup version 0.29.1-12-g30fa7ad0bf (webtiles) character file.

Game seed: 5718722638331838114

6 XinyiCatfish the Trooper (level 1, 0/19 HPs)
             Began as a Palentonga Abyssal Knight on Jan 14, 2023.
             Was a Believer of Lugonu.
             Slain by a kobold
             ... wielding a +0 short sword of electrocution
              (2 damage)
             ... on level 1 of the Dungeon.
             The game lasted 00:00:40 (194 turns).

XinyiCatfish the Trooper (Palentonga Abyssal Knight) Turns: 194, Time: 00:00:41

Health: 0/19       AC:  4    Str: 18    XL:     1   Next: 75%
Magic:  2/2        EV:  9    Int: 10    God:    Lugonu [**....]
Gold:   0          SH:  0    Dex: 10    Spells: 0/0 levels left

rFire   . . .      SeeInvis +   a - +1 mace
rCold   . . .      Faith    .   (no shield)
rNeg    . . .      Spirit   .   b - +0 leather armour
rPois   .          Reflect  .   (no helmet)
rElec   .          Harm     .   (no cloak)
rCorr   .          Rampage  .   (no gloves)
Will    .....                   (no barding)
Stlth   +.........              (no amulet)
HPRegen 0.06/turn               (no ring)
MPRegen 0.08/turn               (no ring)

@: no status effects
A: large, rugged brown scales 3, see invisible, deformed body, roll 1, armoured
tail
a: Rolling Charge, Renounce Religion, Depart the Abyss, Bend Space


You were on level 1 of the Dungeon.
You worshipped Lugonu.
Lugonu was pleased with you.
You visited 1 branch of the dungeon, and saw 1 of its levels.
You visited the Abyss 1 time.

Inventory:

Hand Weapons
 a - a +1 mace (weapon)
Armour
 b - a +0 leather armour (worn)
Potions
 c - a potion of flight {unknown}


   Skills:
 - Level 3.0 Fighting
 + Level 2.6 Maces & Flails
 - Level 1.5 Armour
 - Level 0.7 Dodging
 - Level 2.0 Invocations


You couldn't memorise any spells.
You didn't know any spells.
Your spell library was empty.

Dungeon Overview and Level Annotations

Branches:
Dungeon (1/15)

Altars:


Innate Abilities, Weirdness & Mutations

You are completely covered in rugged brown scales. (AC +3, +7% HP)
You have supernaturally acute eyesight. (SInv)
Armour fits poorly on your strangely shaped body.
You can roll at nearby foes to attack.
You have a long armoured tail.


Message History

You closely miss the kobold.
Your tail-slap misses the kobold.
Your punch misses the kobold. The kobold hits you but does no damage.
You barely miss the quokka. The quokka bites you.
The kobold hits you but does no damage.
You closely miss the quokka. The quokka bites you. The kobold misses you.
The frilled lizard bites you.
The quokka bites you but does no damage.
The kobold barely misses you. The frilled lizard closely misses you.
You barely miss the quokka. The quokka misses you.
The kobold barely misses you.
The frilled lizard bites you but does no damage.
You miss the quokka. The quokka bites you.
The frilled lizard closely misses you. The kobold hits you but does no damage.
The quokka twitches its whiskers.
The quokka bites you.
You hit the quokka.
The quokka is moderately wounded.
The quokka bites you. The frilled lizard misses you.
The kobold hits you with a +0 short sword of electrocution.
The quokka bites you but does no damage.
You are too injured to fight recklessly!
You are too injured to fight recklessly!
The quokka attacks as you move away! The quokka bites you.
* * * LOW HITPOINT WARNING * * *
The frilled lizard attacks as you move away!
The frilled lizard bites you.
* * * LOW HITPOINT WARNING * * *
The quokka attacks as you move away!
The quokka bites you but does no damage.
The quokka twitches its whiskers.
The frilled lizard attacks as you move away!
The frilled lizard barely misses you. The kobold attacks as you move away!
The kobold hits you but does no damage.
The frilled lizard attacks as you move away!
The frilled lizard bites you but does no damage.
The frilled lizard attacks as you move away!
The frilled lizard completely misses you.
The kobold attacks as you move away!
The kobold hits you with a +0 short sword of electrocution.
You die...

##.!......##
####..........#
..............#
.###..........#
#..........# #####
#..........# #...#
##........####...##
##..rKl.####.....##
####@###.#.8...8.##
#.###..........#
#.........⌠....#
#..............#
#..#####.8...8.##
#...## ##.....##
#... #####...##
...#. .##.......#
###### ..#.......#


You could see a quokka, a kobold and a frilled lizard.

Vanquished Creatures
  A ball python (D:1)
  A bat (D:1)
  2 quokkas (D:1)
  A frilled lizard (D:1)
5 creatures vanquished.

Notes
Turn   | Place    | Note
-------+----------+-------------------------------------------
     0 | Abyss:1  | XinyiCatfish the Palentonga Abyssal Knight began the quest
                  | for the Orb.
     0 | Abyss:1  | Reached XP level 1. HP: 19/19 MP: 2/2
     1 | D:1      | Escaped the Abyss
   194 | D:1      | Slain by a kobold

Illustrated notes

Levels and vault maps discovered:
D:1:      kilobyte_arrival_exit_the_forest, layout_rooms,
          wad_floor_pattern_untrapped, hangedman_decor_growths

Action                   || total
-------------------------++-------
Melee: Mace              ||    13
Armor: Leather armour    ||    14
Dodge: Dodged            ||    12
